 Dungeon Crawl Stone Soup version 0.29-a0-330-g52719c12eb (webtiles) character file.

Game seed: 16301596352832832813

3154 tilp the Orthodox (level 9, -18/79 HPs)
             Began as a Naga Fire Elementalist on May 4, 2022.
             Was an Elder of Zin.
             Demolished by a manticore (21 damage)
             ... on level 7 of the Dungeon.
             The game lasted 00:15:01 (9439 turns).

tilp the Orthodox (Naga Fire Elementalist)          Turns: 9439, Time: 00:15:02

Health: -18/79     AC:  4    Str: 10    XL:     9   Next: 93%
Magic:  3/14       EV: 10    Int: 26    God:    Zin [****..]
Gold:   415        SH:  0    Dex: 12    Spells: 7/14 levels left

rFire   + . .      SeeInvis +   a - staff of conjuration
rCold   + + .      Faith    .   (no shield)
rNeg    . . .      Spirit   .   v - +2 robe of Ceammac {*Slow rElec rC+++ Regen+}
rPois   +          Reflect  .   w - +1 helmet
rElec   +          Harm     .   (no cloak)
rCorr   .          Rampage  .   (no gloves)
Will    +....                   (no barding)
Stlth   +++.......              (no amulet)
HPRegen 1.03/turn               z - +6 ring of intelligence
MPRegen 0.14/turn               l - ring of fire

@: corroded, very slow
A: AC +3, large, see invisible, deformed body, poison resistance, slowness 2,
spit poison 1, naga tail 1
a: Spit Poison, Renounce Religion, Recite, Vitalisation, Imprison, Donate Gold


You were on level 7 of the Dungeon.
You worshipped Zin.
Zin was greatly pleased with you.
You visited 1 branch of the dungeon, and saw 7 of its levels.

You collected 461 gold pieces.
You donated 46 gold pieces to Zin.

Inventory:

Hand Weapons
 b - a +0 quarterstaff
 y - a +0 flail
Missiles
 f - 4 boomerangs of dispersal
 A - 25 poisoned darts (quivered)
 H - 6 curare-tipped darts
Armour
 i - a +0 robe
 v - the +2 robe of Ceammac (worn) {*Slow rElec rC+++ Regen+}
   (You took it off an orc on level 4 of the Dungeon)

   rC:        It renders you almost immune to cold.
   rElec:     It insulates you from electricity.
   Regen:     It increases your rate of health regeneration.
   *Slow:     It may slow you when you take damage.
 w - a +1 helmet (worn)
Magical Staves
 a - a staff of conjuration (weapon)
Jewellery
 l - a ring of fire (right hand)
 n - a ring of protection from fire
 z - a +6 ring of intelligence (left hand)
 E - a ring of protection from cold
Wands
 j - a wand of iceblast (12)
 k - a wand of digging (7)
 p - a wand of paralysis (6)
 r - a wand of flame (16)
Scrolls
 d - 2 scrolls of vulnerability
 g - 6 scrolls of teleportation
 o - a scroll of fog
 s - a scroll of summoning
 t - 3 scrolls of enchant weapon
 u - 3 scrolls of immolation
Potions
 c - 3 potions of brilliance
 h - 9 potions of curing
 m - a potion of heal wounds
 q - 2 potions of mutation
 x - a potion of resistance {unknown}
 B - a potion of might
 C - a potion of flight
 D - a potion of berserk rage


   Skills:
 + Level 4.4 Fighting
 + Level 4.3 Staves
 - Level 2.0 Armour
 + Level 2.4 Dodging
 + Level 5.8 Stealth
 + Level 3.4 Spellcasting
 + Level 4.4 Conjurations
 + Level 6.3 Fire Magic
 + Level 6.3 Invocations
 + Level 4.4 Evocations


You had 7 spell levels left.
You knew the following spells:

 Your Spells              Type           Power      Damage    Failure   Level
a - Foxfire               Conj/Fire      100%       2x1d9     1%          1
b - Scorch                Fire           100%       2d10      1%          2
c - Flame Wave            Conj/Fire      64%        2d12      10%         4

Your spell library contained the following spells:

 Spells                   Type           Power      Damage    Failure   Level
 Conjure Flame            Conj/Fire      64%        6-21      3%          3
 Static Discharge         Conj/Air       23%        N/A       5%          2
 Inner Flame              Hex/Fire       31%        N/A       8%          3
 Corpse Rot               Necr/Air       8%         N/A       14%         2
 Poisonous Vapours        Pois/Air       8%         N/A       14%         2
 Sublimation of Blood     Necr           4%         N/A       14%         2
 Gell's Gravitas          Tloc           4%         N/A       26%         3
 Ozocubu's Armour         Ice            4%         N/A       26%         3
 Teleport Other           Tloc           4%         N/A       26%         3
 Petrify                  Tmut/Erth      4%         N/A       65%         4
 Irradiate                Conj/Tmut      11%        3d17      71%         5
 Lightning Bolt           Conj/Air       11%        1d24      71%         5
 Dispersal                Tloc           2%         N/A       100%        6
 Ozocubu's Refrigeration  Ice            2%         4d5       100%        7
 Maxwell's Capacitive Co  Air            2%         ∞         100%        8


Dungeon Overview and Level Annotations

Branches:
Dungeon (7/15)             Temple (0/1) D:5

Altars:
Ashenzari
Vehumet
Zin


Innate Abilities, Weirdness & Mutations

Your serpentine skin is tough. (AC +3)
You have supernaturally acute eyesight. (SInv)
Armour fits poorly on your strangely shaped body.
Your system is resistant to poisons. (rPois)
You cover ground very slowly.
You can spit poison.
You have a snake-like lower body.


Message History

* * * LOW HITPOINT WARNING * * *
Unknown command.
Unknown command.
A wave of flame ripples out!
The flame wave engulfs the manticore!
The manticore is severely wounded.
The flame wave engulfs the orc!
You kill the orc!
You finish channelling waves of flame.
Something shouts, "Away with thee, thou rough-hewn knotty-pated whip-jack!"
You hear a shout!
The manticore bites you!
* * * LOW HITPOINT WARNING * * *
The manticore claws you but does no damage. x2
Unknown command.
Unknown command.
Unknown command.
Casting: Flame Wave (dangerous; 10% risk of failure)
Confirm with . or Enter, or press ? or * to list all spells.
Casting: Flame Wave (dangerous; 10% risk of failure)
Press: ? - help, Dir - look around, f - activate You feel a strong surge of power!
A wave of flame ripples out!
The flame wave engulfs the manticore but does no damage.
The manticore is severely wounded. (Press . to intensify the flame waves.)
The manticore barely misses you. The manticore claws you.
* * * LOW HITPOINT WARNING * * *
The manticore claws you but does no damage.
Unknown command.
Unknown command.
Unknown command.
A wave of flame ripples out!
The flame wave engulfs the bullfrog.
The bullfrog is moderately wounded.
The flame wave engulfs the manticore!
The manticore is almost dead.
The flame wave engulfs the iguana!
The iguana is almost dead.
The bullfrog hits you! Zin protects you from harm!
The bullfrog closely misses you. The manticore bites you!!
You die...

.....# ....
....##...
.....#..#
.......#
##.....>## #
#........
....#.....#
....S..@#
......FH..).#
.....l.....##
............#
#............#
#...........$..
...............
##.............


You could see a manticore, a water moccasin, a bullfrog and an iguana.

Vanquished Creatures
  5 yaks (D:4)
  2 orc warriors (D:6)
  2 sky beasts (D:6)
  4 ogres (D:6)
  2 kobold brigands
  A necrophage (D:6)
  2 scorpions (D:5)
  5 wights (D:6)
  6 killer bees
  5 jellies
  4 gnoll shamans
  3 orc priests
  6 hounds
  An iguana (D:6)
  6 adders
  11 gnolls
  2 white imps (D:6)
  2 worms (D:2)
  4 dart slugs
  22 orcs
  7 ball pythons
  7 endoplasms
  16 hobgoblins
  3 jackals
  22 kobolds
  5 quokkas
  2 bats
  4 frilled lizards
  20 goblins
  4 rats
185 creatures vanquished.

Vanquished Creatures (collateral kills)
  A foxfire (D:1)
1 creature vanquished.

Vanquished Creatures (others)
  76 foxfires
  101 plants
177 creatures vanquished.

Grand Total: 363 creatures vanquished

Notes
Turn   | Place    | Note
-------+----------+-------------------------------------------
     0 | D:1      | tilp the Naga Fire Elementalist began the quest for the
                  | Orb.
     0 | D:1      | Reached XP level 1. HP: 15/15 MP: 3/3
   326 | D:1      | Reached XP level 2. HP: 22/22 MP: 3/5
   363 | D:1      | Learned a level 2 spell: Scorch
   915 | D:1      | Reached XP level 3. HP: 22/28 MP: 2/6
  2039 | D:2      | Found a faded altar of an unknown god.
  2219 | D:2      | Reached XP level 4. HP: 36/36 MP: 2/7
  2283 | D:2      | Found a glowing silver altar of Zin.
  2333 | D:2      | Became a worshipper of Zin the Law-Giver
  3014 | D:2      | Reached * piety under Zin
  3499 | D:3      | Found a radiant altar of Vehumet.
  4398 | D:4      | Identified the +2 robe of Ceammac {*Slow rElec rC+++
                  | Regen+}
  4590 | D:4      | Reached XP level 5. HP: 42/42 MP: 4/8
  4902 | D:4      | Reached skill level 1 in Invocations
  5096 | D:4      | Reached skill level 1 in Evocations
  5171 | D:4      | Reached ** piety under Zin
  5513 | D:4      | Noticed a yak
  5514 | D:4      | Noticed a yak
  5526 | D:4      | Killed a yak
  5527 | D:4      | Reached skill level 1 in Fighting
  5527 | D:4      | Reached XP level 6. HP: 40/51 MP: 1/10
  5528 | D:4      | Noticed a yak
  5530 | D:4      | Noticed a yak
  5539 | D:4      | Noticed a yak
  5612 | D:4      | Learned a level 4 spell: Flame Wave
  5639 | D:4      | Killed a yak
  5640 | D:4      | Reached skill level 5 in Fire Magic
  5640 | D:4      | Reached XP level 7. HP: 58/58 MP: 2/11
  5737 | D:4      | Killed a yak
  5755 | D:4      | Killed a yak
  5764 | D:4      | Killed a yak
  5765 | D:4      | Reached XP level 8. HP: 32/67 MP: 2/12
  5960 | D:5      | Entered Level 5 of the Dungeon
  6023 | D:5      | Reached skill level 1 in Armour
  6848 | D:5      | Found a staircase to the Ecumenical Temple.
  7262 | D:6      | Reached skill level 5 in Stealth
  7262 | D:6      | Reached skill level 5 in Invocations
  7294 | D:5      | Reached XP level 9. HP: 38/78 MP: 0/13
  7521 | D:6      | Reached skill level 1 in Staves
  7671 | D:6      | Found a broken altar of Ashenzari.
  8422 | D:6      | Reached *** piety under Zin
  9360 | D:6      | Reached **** piety under Zin
  9433 | D:7      | Noticed a manticore
  9438 | D:7      | HP: 2/79 [manticore (5)]
  9439 | D:7      | Zin protects you from harm!
  9439 | D:7      | Demolished by a manticore

Illustrated notes

Levels and vault maps discovered:
D:1:      roderic_crop_circles_arrival_small, layout_basic,
          wad_floor_pattern_untrapped
D:2:      layout_basic, ebering_ecumenical_altar_rust, basic_altar, minivault_5,
          chequers_big_river, minmay_tromino_mix6
D:3:      layout_basic, vehumet_altar_wand_db, serial_glass, glass_columns_b,
          glass_columns_b, minmay_strange_pillars, glass_columns_c,
          minmay_bisected
D:4:      layout_basic
D:5:      layout_basic, temple_fountains, serial_bayou, serial_bayou_crossing,
          serial_bayou_shore_a, serial_bayou_pond_a, serial_bayou_pond_c
D:6:      kennysheep_housing_project, layout_basic,
          mainiacjoe_overflow_concentric_impassable, minmay_ogre_servants
D:7:      kennysheep_steamy, layout_cave_pools, serial_shops, shop_statue,
          nicolae_stop_n_shop_1, minmay_misc_feat_plants, doesnt_shop_hydraphobe

Skill      XL: |  1  2  3  4  5  6  7  8  9 |
---------------+----------------------------+-----
Conjurations   | 2 3 4 |  4.4
Fire Magic     | 4 5 6 |  6.3
Invocations    | 1 2 4 5 6 |  6.3
Evocations     | 1 2 3 4 |  4.4
Fighting       | 1 2 3 4 |  4.4
Spellcasting   | 3 |  3.4
Armour         | 2 |  2.0
Dodging        | 2 |  2.4
Stealth        | 5 |  5.8
Staves         | 4 |  4.3

Action                   |  1- 3 |  4- 6 |  7- 9 || total
-------------------------+-------+-------+-------++-------
Melee: Club              |     7 |       |       ||     7
       Unarmed           |     1 |       |       ||     1
       Quarterstaff      |     9 |    25 |    15 ||    49
       Short sword       |     1 |       |       ||     1
       Staff             |       |       |   100 ||   100
       Punch             |       |       |     4 ||     4
Throw: Stone             |       |     1 |       ||     1
 Cast: Foxfire           |    25 |    17 |    10 ||    52
       Scorch            |    22 |    47 |    59 ||   128
       Flame Wave        |       |       |    18 ||    18
Invok: Recite            |       |     1 |     3 ||     4
       Vitalisation      |       |       |     1 ||     1
 Abil: Spit Poison       |       |       |     2 ||     2
Evoke: Wand              |       |     1 |     3 ||     4
  Use: Scroll            |     4 |     8 |     6 ||    18
       Potion            |       |     2 |     1 ||     3
 Stab: Sleeping          |       |     2 |     1 ||     3
       Paralysed         |       |       |    24 ||    24
       Distracted        |       |       |     1 ||     1
Armor: Robe              |    11 |    13 |    69 ||    93
Dodge: Dodged            |    14 |    26 |    99 ||   139

Table legend: (Time is in decaauts)
 A = Elapsed time spent in this place.
 B = Non-inter-level travel time spent in this place.
 C = Inter-level travel time spent in this place.
 D = Time resting spent in this place.
 E = Time spent auto-exploring this place.
 F = Levels seen in this place.
 G = Mean time per level.
                   A        B        C        D        E       F      G
               +--------+--------+--------+--------+--------+-----+--------+
         Total |  11560 |  11127 |    433 |   1195 |   8587 |   7 | 1651.4 |
       Dungeon |  11560 |  11127 |    433 |   1195 |   8587 |   7 | 1651.4 |
               +--------+--------+--------+--------+--------+-----+--------+

Top non-repeatable levels by time:
     D:6: 2420 daAuts
     D:1: 2113 daAuts
     D:4: 2041 daAuts
     D:2: 1922 daAuts
     D:5: 1754 daAuts
     D:3: 1301 daAuts
     D:7: 5 daAuts
